 Dungeon Crawl Stone Soup version 0.28.0-47-ge53b351184 (webtiles) character file.

Game seed: 17242931206955705508

60 nickcage the Cudgeller (level 3, -1/31 HPs)
             Began as a Minotaur Abyssal Knight on May 9, 2022.
             Was a Follower of Lugonu.
             Slain by an adder (2 damage)
             ... on level 2 of the Dungeon.
             The game lasted 00:03:20 (1644 turns).

nickcage the Cudgeller (Minotaur Abyssal Knight)    Turns: 1644, Time: 00:03:21

Health: -1/31      AC:  3    Str: 19    XL:     3   Next: 80%
Magic:  3/3        EV: 11    Int:  7    God:    Lugonu [*.....]
Gold:   88         SH:  3    Dex: 10    Spells: 2/2 levels left

rFire   . . .      SeeInvis .   a - +1 mace
rCold   . . .      Faith    .   i - +0 buckler
rNeg    . . .      Spirit   .   b - +0 leather armour
rPois   .          Reflect  .   (helmet restricted)
rElec   .          Harm     .   (no cloak)
rCorr   .          Rampage  .   (no gloves)
Will    .....                   (no boots)
Stlth   +.........              (no amulet)
HPRegen 0.10/turn               (no ring)
MPRegen 0.08/turn               (no ring)

@: no status effects
A: horns 2, retaliatory headbutt
a: Renounce Religion, Depart the Abyss


You were on level 2 of the Dungeon.
You worshipped Lugonu.
Lugonu was aware of your devotion.
You visited 1 branch of the dungeon, and saw 2 of its levels.
You visited the Abyss 1 time.

You collected 88 gold pieces.

Inventory:

Hand Weapons
 a - a +1 mace (weapon)
Missiles
 f - 3 curare-tipped darts (quivered)
Armour
 b - a +0 leather armour (worn)
 i - a +0 buckler (worn)
Scrolls
 d - a scroll of identify {unknown}
 e - a scroll of fog {unknown}
 h - a scroll of teleportation {unknown}
Potions
 c - 2 potions of curing {unknown}
 g - a potion of cancellation {unknown}


   Skills:
 - Level 3.6 Fighting
 + Level 5.1 Maces & Flails
 - Level 2.4 Armour
 - Level 1.1 Dodging
 - Level 1.7 Invocations


You had 2 spell levels left.
You didn't know any spells.
Your spell library was empty.

Dungeon Overview and Level Annotations

Branches:
Dungeon (2/15)

Altars:

Shops:
D:1 !   D:2 :(


Innate Abilities, Weirdness & Mutations

You have a pair of horns on your head.
You reflexively headbutt those who attack you in melee.


Message History

An adder comes into view.
You barely miss the adder. The adder barely misses you.
You closely miss the adder. The adder barely misses you.
The adder closely misses you.
You closely miss the adder. The adder bites you but does no damage.
The adder bites you.
You are poisoned.
The adder poisons you! The adder bites you but does no damage.
You miss the adder. Your headbutt misses the adder.
You feel sick. The adder closely misses you. The adder bites you. x2
You are more poisoned.
The adder poisons you!
You closely miss the adder.
You feel sick. The adder closely misses you.
The adder bites you but does no damage. The adder bites you.
You feel sick. The adder bites you but does no damage.
You feel sick.
The orc throws a boomerang of dispersal.
The boomerang of dispersal completely misses you.
You feel sick. The adder closely misses you.
You feel sick. The adder bites you.
You feel sick.
You are no longer poisoned.
You are too injured to fight recklessly!
You are too injured to fight recklessly!
You are too injured to fight recklessly!
You closely miss the adder. The adder misses you. The adder bites you.
The adder barely misses you. The adder closely misses you.
You hit the adder.
The adder is lightly wounded.
The adder bites you.
* * * LOW HITPOINT WARNING * * *
The adder closely misses you.
You sock the adder! Your headbutt misses the adder.
The adder is almost dead.
The adder bites you.
* * * LOW HITPOINT WARNING * * *
The adder bites you.
* * * LOW HITPOINT WARNING * * *
The orc barely misses you. The adder closely misses you. The adder bites you.
You die...

#....................#
#..........##.......
#....>.............#
####.........## ......#
#.............##......#
##...∩.................#
........................
..###..........SS.......
#..............#@#......
##.............o....#.#.
.†...............##.# #
##................. #
##....#.............
.######............. .#
#........... .#
........#... (.


You could see 2 adders and an orc.

Vanquished Creatures
  2 adders (D:2)
  4 ball pythons (D:1)
  3 endoplasms (D:1)
  6 giant cockroaches
  6 goblins
  A hobgoblin (D:1)
  2 kobolds (D:1)
  2 quokkas (D:1)
  5 bats (D:1)
  3 frilled lizards (D:1)
  2 rats (D:1)
36 creatures vanquished.

Notes
Turn   | Place    | Note
-------+----------+-------------------------------------------
     0 | Abyss:1  | nickcage the Minotaur Abyssal Knight began the quest for
                  | the Orb.
     0 | Abyss:1  | Reached XP level 1. HP: 19/19 MP: 1/1
     0 | D:1      | Escaped the Abyss
    27 | D:1      | Found Iwkun's Distillery.
   112 | D:1      | Reached skill level 3 in Maces & Flails
   256 | D:1      | Reached * piety under Lugonu
   257 | D:1      | Reached XP level 2. HP: 21/26 MP: 2/2
   612 | D:1      | Reached skill level 4 in Maces & Flails
   958 | D:1      | Reached XP level 3. HP: 31/31 MP: 3/3
  1357 | D:2      | Found Huamp's Book Shoppe.
  1501 | D:2      | Reached skill level 5 in Maces & Flails
  1616 | D:2      | Found Baownoiq's Weapon Boutique.
  1644 | D:2      | HP: 1/31 [adder (4)]
  1644 | D:2      | Slain by an adder

Illustrated notes

Levels and vault maps discovered:
D:1:      dpeg_arrival_tiny_a, layout_loops_ring, serial_shops,
          nicolae_diamond_shop, st_stairs_2
D:2:      layout_rooms, shapermc_ecumenical_altar_petra, basic_altar,
          serial_shops, shop, shop, shop, shop, st_stairs_9

Skill      XL: |  1  2  3 |
---------------+----------+-----
Maces & Flails | 3 4 5 |  5.1
Fighting       | |  3.6
Armour         | |  2.4
Dodging        | |  1.1
Invocations    | |  1.7

Action                   || total
-------------------------++-------
Melee: Mace              ||    72
       Headbutt          ||    10
Invok: Depart the Abyss  ||     1
Armor: Leather armour    ||    36
Dodge: Dodged            ||    59
Block: Buckler           ||     2
